AoeStats
← Ebrio

Arena

509378148Analyzed
3v3 RM · 7d ago on Sep 26, 2026· 46m 35s· 6 players
Game mode
Random Map
Map size
Normal (6 player)
Population
200
Speed
Normal
Resources
Standard
Victory
Conquest
Starting age
Dark Age
Ending age
Imperial Age
RankedLock teamsTeams togetherTeam positionsShared explorationLock speedFull tech treeHidden civsTurbo modeCheats
Victory
Defeat
🇺🇸 Teutons · United States
963
+15
🇧🇾 Turks · Belarus
961
+15
🇦🇷 Persians · Argentina
875
+19
🇹🇷 Vietnamese · Türkiye
983
-18
🇹🇼 Poles · Taiwan
929
-32
🇲🇾 Gurjaras · Malaysia
916
-15
mikesandwash
9:34 Feudal Age
14:50 Castle Age
15:33 Loom
19:36 Fletching
22:54 Double-Bit Axe
22:52 Horse Collar
23:39 Heavy Plow
24:48 Wheelbarrow
25:48 Gold Mining
30:59 Imperial Age
35:03 Fortified Wall
TidierCast1585
0:43 Loom
11:00 Feudal Age
16:26 Castle Age
14:36 Double-Bit Axe
15:23 Horse Collar
21:37 Heavy Plow
25:02 Bow Saw
32:39 Scale Barding Armor
32:25 Fletching
33:22 Husbandry
34:56 Bloodlines
34:50 Padded Archer Armor
35:59 Wheelbarrow
40:34 Imperial Age
42:09 Gold Mining
42:48 Paper Money
43:30 Bodkin Arrow
whoooops
0:36 Loom
11:04 Feudal Age
13:04 Horse Collar
15:21 Double-Bit Axe
20:19 Castle Age
22:52 Wheelbarrow
22:32 Heavy Plow
22:57 Masonry
22:12 Light Cavalry
25:45 Bloodlines
27:00 Forging
33:18 Imperial Age
31:53 Scale Mail Armor
33:39 Szlachta Privileges
34:25 Lechitic Legacy
34:15 Scale Barding Armor
33:35 Winged Hussar
37:13 Chain Mail Armor
38:01 Chain Barding Armor
44:28 Plate Mail Armor
45:39 Fortified Wall
Governator01
9:01 Loom
11:22 Feudal Age
11:53 Double-Bit Axe
11:50 Horse Collar
13:18 Wheelbarrow
18:57 Castle Age
20:03 Hand Cart
20:49 Bow Saw
20:43 Heavy Plow
28:48 Imperial Age
27:02 Fortified Wall
26:57 Scale Mail Armor
27:55 Ballistics
28:28 Masonry
28:31 Forging
29:57 Siege Engineers
31:12 Conscription
31:43 Scale Barding Armor
32:13 Iron Casting
33:04 Chain Barding Armor
32:27 Pikeman
33:17 Cavalier
36:41 Two-Man Saw
36:44 Chemistry
36:01 Bloodlines
37:21 Blast Furnace
37:43 Crop Rotation
37:55 Plate Barding Armor
37:37 Chain Mail Armor
37:12 Fletching
37:25 Paladin
39:42 Crenellations
40:09 Gold Mining
40:56 Plate Mail Armor
Ezer
0:29 Loom
12:32 Feudal Age
14:55 Bloodlines
16:51 Castle Age
15:26 Double-Bit Axe
16:05 Gold Mining
16:34 Horse Collar
22:17 Stone Mining
26:17 Ballistics
33:26 Imperial Age
31:44 Padded Archer Armor
31:36 Fletching
32:52 Wheelbarrow
33:09 Town Watch
36:23 Forging
36:18 Scale Barding Armor
36:19 Husbandry
36:30 Bloodlines
35:41 Heavy Camel Rider
36:51 Hand Cart
37:16 Masonry
37:50 Gold Shaft Mining
37:17 Heavy Plow
37:35 Bow Saw
39:33 Two-Man Saw
38:55 Chain Barding Armor
40:27 Plate Barding Armor
40:28 Iron Casting
41:28 Artillery
41:51 Conscription
43:46 Blast Furnace
43:06 Leather Archer Armor
42:47 Bodkin Arrow
44:29 Fortified Wall
44:16 Murder Holes
Ebrio
0:30 Loom
12:18 Feudal Age
13:00 Double-Bit Axe
12:58 Horse Collar
16:31 Castle Age
19:42 Wheelbarrow
19:19 Bow Saw
29:30 Scale Barding Armor
33:54 Imperial Age
32:32 Pikeman
34:18 Hand Cart
37:37 Scale Mail Armor
37:48 Forging
37:48 Heavy Plow
38:50 Two-Man Saw
37:40 Halberdier
38:23 Gambesons
39:17 Chain Mail Armor
39:24 Squires
40:46 Plate Mail Armor
40:51 Iron Casting
39:48 Onager
40:41 Town Watch
41:29 Crop Rotation
Connection lost

Rejoining the realm…

Still unreachable

The connection could not be restored.

Session expired

The server has moved on; the page needs a fresh start.